 Dungeon Crawl Stone Soup version 0.30.0-30-g96aa6591b8 (webtiles) character file.

Game seed: 17345951353276160133

50 GeoRichter the Conjurer (level 3, -9/20 HPs)
             Began as a Tengu Conjurer on June 27, 2023.
             Was a Follower of Yredelemnul.
             Mangled by Sigmund
             ... wielding a +2 scythe of distortion
              (19 damage)
             ... on level 2 of the Dungeon.
             The game lasted 00:05:29 (1948 turns).

GeoRichter the Conjurer (Tengu Conjurer)            Turns: 1948, Time: 00:05:30

Health: -9/20      AC:  3    Str:  7    XL:     3   Next: 79%
Magic:  7/7        EV: 12    Int: 18    God:    Yredelemnul [*.....]
Gold:   149        SH:  0    Dex: 14    Spells: 3/6 levels left

rFire   + . .        f - +1 dagger (drain)
rCold   . . .        (no shield)
rNeg    . . .        a - +0 robe
rPois   .            (helmet restricted)
rElec   .            (no cloak)
rCorr   .            c - +0 pair of gloves
SInv    .            (boots unavailable)
Will    .....        (no amulet)
Stlth   ++           m - ring of protection from fire
HPRegen 0.23/turn    (no ring)
MPRegen 0.10/turn

%: no passive effects
@: no status effects
A: beak, talons 3
a: Renounce Religion, Recall Undead Harvest


You were on level 2 of the Dungeon.
You worshipped Yredelemnul.
Yredelemnul was noncommittal.
You visited 1 branch of the dungeon, and saw 2 of its levels.

You collected 149 gold pieces.

Inventory:

Hand Weapons
 f - a +1 dagger of draining (weapon)
   (You took it off a goblin on level 1 of the Dungeon)
Armour
 a - a +0 robe (worn)
 c - a +0 pair of gloves (worn)
   (You found it on level 1 of the Dungeon)
Jewellery
 m - a ring of protection from fire (left hand)
   (You found it on level 2 of the Dungeon)
Scrolls
 d - a scroll of enchant weapon {unknown}
 e - a scroll of amnesia {unknown}
 h - a scroll of enchant armour {unknown}
 i - 2 scrolls of noise {unknown}
 j - 2 scrolls of vulnerability {unknown}
 k - 2 scrolls of identify {unknown}
 o - a scroll of silence {unknown}
Potions
 g - a potion of curing {unknown}
 l - a potion of mutation {unknown}
 n - a potion of flight {unknown}


   Skills:
 * Level 1.2 Fighting
 - Level 1.0 Short Blades
 + Level 0.3 Armour
 - Level 2.1 Dodging
 - Level 2.0 Stealth
 - Level 2.4 Spellcasting
 - Level 6.1 Conjurations


You had 3 spell levels left.
You knew the following spells:

 Your Spells              Type           Power      Damage    Failure   Level
a - Magic Dart            Conj           96%        1d7       1%          1
b - Searing Ray           Conj           48%        2d6       1%          2

Your spell library contained the following spells:

 Spells                   Type           Power      Damage    Failure   Level
 Dazzling Flash           Conj/Hex       26%        N/A       14%         3
 Fulminant Prism          Conj/Hex       6%         3d6       43%         4
 Iskenderun's Mystic Bla  Conj/Tloc      13%        2d5       43%         4


Dungeon Overview and Level Annotations

Branches:
Dungeon (2/15) Zot: 10041

Altars:
Yredelemnul

Annotations:
D:2 Sigmund


Innate Abilities, Weirdness & Mutations

You have a beak for a mouth.
You have claws for feet.


Message History

Yredelemnul sends a servant to aid you.
Yredelemnul accepts your bounty of souls!
You can no longer trade souls for undead servants.
Really walk into a travel-excluded area?
Okay, then.
Really walk into a travel-excluded area?
You swap places.
The magic dart hits Sigmund.
Sigmund is lightly wounded.
The magic dart hits Sigmund.
Sigmund is lightly wounded.
You are out of magic!
Magic courses through your body.
You can't see any susceptible monsters within range! (Use Z to cast anyway.) Unknown command.
You swap places.
Sigmund barely misses your quokka zombie.
Your quokka zombie misses Sigmund.
Sigmund hits your quokka zombie with a +2 scythe of distortion!
Your quokka zombie is destroyed!
Sigmund barely misses your frilled lizard zombie.
Your frilled lizard zombie barely misses Sigmund.
Your frilled lizard zombie barely misses Sigmund.
Sigmund hits your frilled lizard zombie with a +2 scythe of distortion!
Your frilled lizard zombie blinks!
Sigmund mumbles some strange words.
Sigmund flickers and vanishes!
Deactivating autopickup; reactivate with Ctrl-A.
Unknown command.
Unknown command.
Your hobgoblin zombie appears confused.
Unknown command.
Your hobgoblin zombie hits your necrophage.
Something closely misses your frilled lizard zombie.
Unknown command.
Your hobgoblin zombie closely misses your frilled lizard zombie.
Unknown command.
Your worm zombie misses something.
Your hobgoblin zombie hits your frilled lizard zombie.
Your frilled lizard zombie is destroyed!
Something hits your hobgoblin zombie!
Your hobgoblin zombie is destroyed!
You swap places.
Something hits you!
Ouch! That really hurt!
* * * LOW HITPOINT WARNING * * *
Space warps horribly around you!!
Ouch! That really hurt!
You die...
Your body rises from the dead as a mindless zombie.

###.##### #Z# #.#######.#
############.#...ZZ.Z.
#..ZZZ..#....>..###)## ####
#.#####.#.##.#..# #.#. ...###
#.#####.#.##.#..###..# .....#
#.##......[...........
...#.#######.##.#...#..##..#.####
#.##..........{.@Z.###.##)......#
#.....######.Z..Zn..#......#.##.#
####..# #####..##.#.#####.##.#
####..# ###..##.#.# #.....
[.....# #.........# ###...
#####.# ######.#.###.#.# #... #.#
#......#.###.#.# #####... #####.#
#.....Z#..ZZZZ.###....... #.....#
#.....ZZ.Z##..Z.Z........


You could see a friendly necrophage (summoned), a friendly ball python zombie, a
friendly worm zombie and a friendly goblin zombie.

Vanquished Creatures
  A worm (D:2)
  3 ball pythons
  An endoplasm (D:2)
  5 giant cockroaches
  5 goblins
  3 hobgoblins
  2 jackals (D:1)
  4 kobolds
  4 quokkas
  4 bats
  3 frilled lizards
  2 rats (D:1)
37 creatures vanquished.

Vanquished Creatures (collateral kills)
  An endoplasm (D:1)
  A frilled lizard zombie (D:2)
  2 goblins (D:1)
  A kobold (D:1)
5 creatures vanquished.

Vanquished Creatures (others)
  A hobgoblin zombie (D:2)
  A quokka zombie (D:2)
2 creatures vanquished.

Grand Total: 44 creatures vanquished

Notes
Turn   | Place    | Note
-------+----------+-------------------------------------------
     0 | D:1      | GeoRichter the Tengu Conjurer began the quest for the Orb.
     0 | D:1      | Reached XP level 1. HP: 10/10 MP: 4/4
   108 | D:1      | Noticed a golden eye
   109 | D:1      | Found a faded altar of an unknown god.
   116 | D:1      | Noticed a golden eye
   191 | D:1      | Noticed a shining eye
   191 | D:1      | Noticed an eye of devastation
   199 | D:1      | Prayed at the altar of an unknown god.
   199 | D:1      | Became a worshipper of Yredelemnul the Dark
   199 | D:1      | Reached * piety under Yredelemnul
   219 | D:1      | Reached XP level 2. HP: 15/15 MP: 0/6
   444 | D:1      | Reached skill level 6 in Conjurations
   447 | D:1      | Learned a level 2 spell: Searing Ray
   467 | D:1      | Reached ** piety under Yredelemnul
   650 | D:1      | Reached XP level 3. HP: 19/19 MP: 3/7
   952 | D:2      | Noticed Sigmund
  1299 | D:2      | Reached skill level 1 in Short Blades
  1370 | D:2      | Reached skill level 1 in Fighting
  1948 | D:2      | Mangled by Sigmund

Illustrated notes

Levels and vault maps discovered:
D:1:      shiori_arrival_elements, layout_rooms, serial_glass, glass_columns_c,
          glass_columns_b, hellmonk_ecumenical_altar_watching_god,
          serial_bayou_lagoon_a, ebering_dispersal_statue_hall,
          minmay_worlds_worst_comb
D:2:      layout_loops_cross, uniq_sigmund

Skill      XL: |  1  2  3 |
---------------+----------+-----
Conjurations   | 6 |  6.1
Short Blades   | 1 |  1.0
Fighting       | 1 |  1.2
Armour         | |  0.3
Dodging        | |  2.1
Stealth        | |  2.0
Spellcasting   | |  2.4

Action                     || total
---------------------------++-------
  Melee: Dagger            ||     4
   Cast: Magic Dart        ||    74
 Invoke: Recall Undead Har ||     1
         Dark Bargain      ||     1
    Use: Potion            ||     1
 Armour: Robe              ||     4
  Dodge: Dodged            ||     7
